 Dungeon Crawl Stone Soup version 0.01-2087-gb5e28fc70b (webtiles) character file.

Game seed: 2591923913131029074, levelgen mode: deterministic

218 pasperui the Twirler (level 5, 0/36 HPs) Lignifite Monk. Began on June 2, 2020. Slain by a phantom (8 damage) ... on level 3 of the Dungeon. The game lasted 00:07:04 (1932 turns).

pasperui the Twirler (Lignifite Monk)               Turns: 1932, Time: 00:07:05

Health: 0/36       AC:  1    Str: 18    XL:     5 ^: 68
Magic:  6/6        EV: 17    Int: 11    God:
Gold:   124        SH:  2    Dex: 10    Spells: 4/4 levels left

rFire    x . .     Vision   .   a - +0 mace
rCold    . . .     Gourm    .   (weapon restricted)
rNeg     . . .     Faith    .   b - +0 robe
rPois    +         Spirit   .   (helmet restricted)
rElec    .         Reflect  .   (no cloak)
rCorr    .         Harm     .   (gloves unavailable)
MR       .....                  (boots unavailable)
Stlth    ++........             (no amulet)
HPRegen  0.22/turn              (no ring)
MPRegen  0.16/turn              (no ring)

@: quick
A: very small, rF-, deformed body, speed 1, poison resistance, slow metabolism
1, torment resistance, plant, rot immunity
a: no special abilities


You were on level 3 of the Dungeon.
You were not hungry.

You visited 1 branch of the dungeon, and saw 3 of its levels.

You collected 124 gold pieces.

Inventory:

Weapons
 a - a +0 mace (weapon) Shields
 p - a +0 heater shield
Armour
 b - a +0 robe (worn)
 i - a +0 helmet
 o - a +0 pair of boots
 r - a +3 ring mail
Scrolls
 d - 2 scrolls of random uselessness
 h - 4 scrolls of magic mapping
 k - a scroll of enchantment
 m - 2 scrolls of fear
 n - a scroll of teleportation
 q - a scroll of blinking
Potions
 e - a potion of lignification
 g - 4 potions of brilliance
 j - a potion of ambrosia
 l - a potion of curing
Comestibles
 c - 7 rations
 f - 2 chunks of flesh


   Skills:
 - Level 3.2 Fighting
 * Level 6.7 Maces & Staves
 - Level 3.0 Dodging
 - Level 1.7 Stealth


You had 4 spell levels left.
You didn't know any spells.
Your spell library was empty.

Dungeon Overview and Level Annotations

Branches:
Dungeon (3/8)

Altars:
Nemelex Xobeh


Innate Abilities, Weirdness & Mutations

Your woody flesh burns easily. (rF-)
A tangle of shorter branches protects your body from attack. (+2 SH)
You are very small and have problems with some larger weapons.
You are too small for most types of armour.
Armour fits poorly on your strangely shaped body.
You cover ground quickly.
Your system is resistant to poisons. (rPois)
You have a slow metabolism.
You are immune to unholy pain and torment.
You require very little carbon dioxide to survive.
You are immune to rotting.


Message History

The phantom completely misses you (0).
You hit the phantom but do no damage.
The phantom is severely damaged. (15/40) HP You barely miss the phantom.
The phantom is severely damaged. (15/40) HP The phantom hits you (9)!
* * * LOW HITPOINT WARNING * * *
The phantom blinks!
There is a stone staircase leading up here.
You hit the phantom but do no damage.
The phantom is severely damaged. (16/40) HP You hit the phantom but do no damage.
The phantom is severely damaged. (16/40) HP The phantom misses you (0).
You hit the phantom but do no damage.
The phantom is severely damaged. (16/40) HP You closely miss the phantom.
The phantom is severely damaged. (16/40) HP The phantom hits you (8)!
You die...

.. ##Z#
.....## ?#Z...
....# #.#.#
##...###.
####........#
##........#.##
#.@W........#
#..†.......##
##........##
#........#
##.......#
#.........
.#........ .
....#.. #
####...


You could see a phantom.

Vanquished Creatures
  Blork the orc (D:2)
  A hound (D:3)
  5 adders
  A hound skeleton (D:3)
  An ooze (D:1)
  2 dart slugs
  4 leopard geckos
  A ball python (D:1)
  5 bats
  4 giant cockroaches
  12 hobgoblins
  2 quokkas (D:2)
  11 frilled lizards
  6 goblins
  8 kobolds
  A leopard gecko skeleton (D:3)
  5 rats
70 creatures vanquished.

Notes
Turn   | Place    | Note
-------+----------+-------------------------------------------
     0 | D:1      | pasperui the Lignifite Monk began the quest for the Orb.
     0 | D:1      | Reached XP level 1. HP: 14/14 MP: 2/2
   236 | D:1      | Reached XP level 2. HP: 21/21 MP: 3/3
   576 | D:1      | Reached skill level 4 in Maces & Staves
   592 | D:1      | Reached XP level 3. HP: 19/26 MP: 4/4
  1246 | D:2      | Reached skill level 5 in Maces & Staves
  1267 | D:2      | Reached XP level 4. HP: 30/31 MP: 5/5
  1392 | D:2      | Noticed Blork the orc
  1457 | D:2      | Killed Blork the orc
  1457 | D:2      | Reached skill level 6 in Maces & Staves
  1457 | D:2      | Reached XP level 5. HP: 30/36 MP: 6/6
  1499 | D:2      | Found a sparkling altar of Nemelex Xobeh.
  1638 | D:2      | Noticed an orc warrior
  1842 | D:3      | Noticed a phantom
  1932 | D:3      | Slain by a phantom

Levels and vault maps discovered:
D:1:      dpeg_arrival_signposts, layout_basic, minmay_octomino_c4
D:2:      layout_cave_pools, nemelex_spade_bored_becter, uniq_blork_the_orc
D:3:      layout_cave_pods, first_ration, basic_altar, serial_shops,
          nicolae_shop_statue_plus, minmay_fractal_squares_5

Skill      XL: |  1  2  3  4 |
---------------+-------------+-----
Dodging        | 3 |  3.0
Maces & Staves | 4 5 6 |  6.7
Fighting       | |  3.2
Stealth        | |  1.7

Action                   |  1- 3 |  4- 6 || total
-------------------------+-------+-------++-------
Melee: Mace              |   107 |   101 ||   208
       Unarmed           |    65 |    79 ||   144
  Use: Potion            |       |     2 ||     2
 Stab: Sleeping          |     3 |     2 ||     5
  Eat: Chunk             |       |     1 ||     1
Armor: Robe              |     2 |     6 ||     8
Dodge: Dodged            |    99 |    83 ||   182
Block: Other             |     2 |     4 ||     6
